 Dungeon Crawl Stone Soup version 0.29-a0-529-gfa20dd96a1 (webtiles) character file.

Game seed: 1185092721768013006

92 Spectrina the Slasher (level 5, -2/45 HPs)
             Began as a Meteoran Monk on June 2, 2022.
             Was a Believer of Qazlal.
             Slain by a centaur (5 damage)
             ... on level 5 of the Dungeon.
             The game lasted 00:06:05 (520 turns).

Spectrina the Slasher (Meteoran Monk)                Turns: 520, Time: 00:06:05

Health: -2/45      AC:  5    Str: 13    XL:     5   Next: 14%
Magic:  8/8        EV: 13    Int: 11    God:    Qazlal [**....]
Gold:   70         SH:  2    Dex: 18    Spells: 4/4 levels left

rFire   . . .      SeeInvis .   a - +0 falchion
rCold   . . .      Faith    .   (no shield)
rNeg    . . .      Spirit   .   b - +0 robe
rPois   .          Reflect  .   h - +1 hat
rElec   .          Harm     .   (no cloak)
rCorr   .          Rampage  .   i - +1 pair of gloves
Will    .....                   (no boots)
Stlth   +.........              (no amulet)
HPRegen 0.15/turn               (no ring)
MPRegen 0.11/turn               (no ring)

@: glowing
A: sense surroundings 1, otherworldly, glowing, explore regen
a: Renounce Religion, Upheaval


You were on level 5 of the Dungeon.
You worshipped Qazlal.
Qazlal was pleased with you.
You visited 2 branches of the dungeon, and saw 6 of its levels.

You collected 70 gold pieces.

Inventory:

Hand Weapons
 a - a +0 falchion (weapon)
Armour
 b - a +0 robe (worn)
 h - a +1 hat (worn)
 i - a +1 pair of gloves (worn)
Scrolls
 d - a scroll of teleportation {unknown}
 e - a scroll of identify {unknown}
 f - a scroll of enchant weapon {unknown}
 g - a scroll of fear {unknown}


   Skills:
 - Level 3.2 Fighting
 + Level 5.3 Long Blades
 - Level 3.6 Dodging
 - Level 1.4 Stealth
 * Level 3.4 Invocations


You had 4 spell levels left.
You didn't know any spells.
Your spell library was empty.

Dungeon Overview and Level Annotations

Branches:
Dungeon (5/15)             Temple (1/1) D:4

Altars:
Ashenzari
Cheibriados
Dithmenos
Elyvilon
Fedhas
Gozag
Hepliaklqana
Kikubaaqudgha
Makhleb
Nemelex Xobeh
Okawaru
Qazlal
Ru
Sif Muna
Trog
Uskayaw
Vehumet
Wu Jian
Xom
Yredelemnul
Zin
The Shining One


Innate Abilities, Weirdness & Mutations

You passively map a small area around you.
You are easily found by Zot.
You glow in the dark.
You regain HP and MP as you explore.


Message History

The centaur hits you but does no damage.
The centaur kicks you but does no damage.
The centaur attacks as you move away! The centaur hits you.
* * * LOW HITPOINT WARNING * * *
The centaur barely misses you. The hound bites you but does no damage.
The centaur wields a +1 shortbow of freezing.
It is covered in frost.
The centaur shoots an arrow.
The arrow misses you. The hound bites you.
* * * LOW HITPOINT WARNING * * *
Unknown command.
You hit the hound.
The hound is moderately wounded.
The hound bites you.
* * * LOW HITPOINT WARNING * * *
The centaur unwields a +1 shortbow of freezing.
The centaur hits you.
* * * LOW HITPOINT WARNING * * *
The centaur misses you.
Unknown command.
You're too confused to move!
You feel less invigorated.
You feel less confused. The hound bites you.
* * * LOW HITPOINT WARNING * * *
The centaur barely misses you. The centaur misses you.
The hound bites you but does no damage.
Unknown command.
You hit the centaur.
The centaur is almost dead.
The centaur hits you.
* * * LOW HITPOINT WARNING * * *
The centaur kicks you.
* * * LOW HITPOINT WARNING * * *
The hound bites you.
* * * LOW HITPOINT WARNING * * *
You block the centaur's attack.
The centaur kicks you but does no damage.
You hit the centaur but do no damage.
The centaur is almost dead.
The hound bites you but does no damage. The centaur hits you.
You die...

, , , #.. ,*##. , , ..
**.?... * , ..,
,[......### , #.
.......#...
#.###.............. ,
..#..##..........# * , *
# ##....##..........# ,
..#.#c@#..##...........
/......h...##..#......#..
,
......?..................
,
.........<.#.........##..
..........###............
, ,, ...........
##...........
.....#......#............
.........................
,....................##.


You could see a centaur and a hound.

Vanquished Creatures
  A necrophage (D:5)
  2 adders
  A dart slug (D:3)
  An endoplasm (D:4)
  A giant cockroach (D:2)
  2 hobgoblins
  A quokka (D:4)
9 creatures vanquished.

Notes
Turn   | Place    | Note
-------+----------+-------------------------------------------
     0 | D:1      | Spectrina the Meteoran Monk began the quest for the Orb.
     0 | D:1      | Reached XP level 1. HP: 19/19 MP: 2/2
    33 | D:1      | You fall into a shaft and drop 1 floor!
    84 | D:3      | Reached skill level 4 in Long Blades
   128 | D:3      | Reached XP level 2. HP: 24/26 MP: 3/3
   155 | D:4      | Found a sparkling altar of Nemelex Xobeh.
   175 | D:4      | Reached XP level 3. HP: 25/31 MP: 4/4
   179 | D:4      | Found a staircase to the Ecumenical Temple.
   186 | Temple   | Entered the Ecumenical Temple
   310 | Temple   | Became a worshipper of Qazlal Stormbringer
   310 | Temple   | Reached * piety under Qazlal
   310 | Temple   | Reached ** piety under Qazlal
   368 | D:4      | Found a sacrificial altar of Ru.
   422 | D:4      | Found a burning altar of Makhleb.
   452 | D:5      | Entered Level 5 of the Dungeon
   461 | D:5      | Reached skill level 1 in Invocations
   466 | D:5      | Noticed a necrophage
   483 | D:5      | Killed a necrophage
   484 | D:5      | Reached skill level 5 in Long Blades
   484 | D:5      | Reached XP level 4. HP: 14/38 MP: 4/7
   484 | D:5      | Reached XP level 5. HP: 17/45 MP: 4/8
   502 | D:5      | Noticed a centaur
   514 | D:5      | HP: 1/45 [hound (2)]
   520 | D:5      | Slain by a centaur

Illustrated notes

Levels and vault maps discovered:
D:1:      minmay_arrival_semitransparent, layout_loops_corners
D:2:      layout_basic, ebering_ecumenical_altar_mist, serial_shops, shop
D:3:      layout_basic, kennysheep_generic_room_8, uniq_jessica
D:4:      layout_basic, mainiacjoe_overflow_catch_the_wave,
          nemelex_xobeh_ov_fountains_minmay, minmay_temple_entry_nine_rooms,
          minmay_joined_circles, uniq_edmund
D:5:      layout_cave_pools, nicolae_shop_unique_rings
Temple:   mainiacjoe_temple_bowtie_tessellation

Skill      XL: |  1  2  3 |
---------------+----------+-----
Long Blades    | 4 5 |  5.3
Invocations    | 3 |  3.4
Fighting       | |  3.2
Dodging        | |  3.6
Stealth        | |  1.4

Action                   |  1- 3 |  4- 6 || total
-------------------------+-------+-------++-------
Melee: Falchion          |    51 |    11 ||    62
Invok: Upheaval          |       |     1 ||     1
  Use: Potion            |       |     1 ||     1
Armor: Robe              |     9 |    24 ||    33
Dodge: Dodged            |    25 |    14 ||    39
Block: Other             |     4 |     3 ||     7

Table legend: (Time is in decaauts)
 A = Elapsed time spent in this place.
 B = Non-inter-level travel time spent in this place.
 C = Inter-level travel time spent in this place.
 D = Time resting spent in this place.
 E = Time spent auto-exploring this place.
 F = Levels seen in this place.
 G = Mean time per level.
                   A        B        C        D        E       F      G
               +--------+--------+--------+--------+--------+-----+--------+
         Total |    524 |    500 |     24 |      0 |      0 |   6 |   87.3 |
       Dungeon |    374 |    374 |      0 |      0 |      0 |   5 |   74.8 |
        Temple |    149 |    125 |     24 |      0 |      0 |   1 |  149.0 |
               +--------+--------+--------+--------+--------+-----+--------+

Top non-repeatable levels by time:
     D:4: 170 daAuts
  Temple: 149 daAuts
     D:5: 69 daAuts
     D:3: 65 daAuts
     D:1: 34 daAuts
     D:2: 34 daAuts
